 Dungeon Sprint DCSS version 0.30-a0-1112-gfb780f5df6 (webtiles) character file.

Game seed: 2033582402669291171

403296 123456 the Conqueror (level 18, -27/200 HPs)
             Began as a Minotaur Fighter on Apr 19, 2023.
             Was an Initiate of Gozag.
             Killed from afar by Cerebov (42 damage)
             ... with a great blast of fire
             ... in the Dungeon (Sprint IX: "|||||||||||||||||||||||||||||").
             The game lasted 00:36:59 (10469 turns).

123456 the Conqueror (Minotaur Fighter)            Turns: 10469, Time: 00:37:00

Health: -27/200    AC: 54    Str: 43    XL:     18   Next: 67%
Magic:  30/30      EV: 24    Int:  6    God:    Gozag
Gold:   107        SH:  0    Dex: 15    Spells: 21/21 levels left

rFire   + + .      SeeInvis .    e - +13 sceptre of Asmodeus
rCold   + + +      Faith    +    f - orb of Dispater {+Damnation *Corrode AC+5}
rNeg    + . .      Spirit   .    D - +6 storm dragon scales "Ypuups" {*Corrode rElec rPois rN+ Regen+}
rPois   +          Reflect  .    F - +3 hat of Pondering {ponderous, Will+ MP+10 Int+5}
rElec   +          Rampage  +    E - +5 cloak of the Ditch-Digger {Str+3}
rCorr   .          NoTele   +    r - +2 pair of gloves {hurl}
Will    ++...                    x - +2 pair of boots {rampage}
Stlth   +++++++                  M - amulet of the Thirsty Friars {Faith Fly Regen+ Str+5}
HPRegen 2.13/turn                O - ring "Uczihip" {Contam rF++ rC+++ AC+3 Int-3}
MPRegen 0.22/turn                G - +6 ring of strength

@: flying, bribing [the Dungeon], slow
A: horns 2, retaliatory headbutt, talons 1, thin skeletal structure 1, strong 1,
MP-powered wands
}: 9/17 runes: decaying, serpentine, barnacled, slimy, elven, silver, golden,
abyssal, gossamer
a: Renounce Religion, Evoke Damnation, Potion Petition, Call Merchant, Bribe
Branch


You were in the Dungeon.
You worshipped Gozag.
Gozag was aware of your devotion.
You visited 1 branch You collected 46356 gold pieces.
You spent 5586 gold pieces at shops.
You paid 40663 gold pieces to Gozag.

Inventory:

Hand Weapons
 e - the +13 sceptre of Asmodeus (weapon)
   (You took it off Asmodeus in the Dungeon)

   Fire Summon: It may summon demons of flame and damnation when striking foes.
 B - the +2 eveningstar of Fualyotu {drain, rPois rF+ rN+}
   (You bought it in a shop in the Dungeon)

   rF:        It protects you from fire.
   rPois:     It protects you from poison.
   rN:        It protects you from negative energy.
Missiles
 n - 4 throwing nets
 C - 9 javelins (quivered)
Armour
 f - the orb of Dispater (worn) {+Damnation *Corrode AC+5}
   (You took it off Dispater in the Dungeon)

   +Damnation: It grants the ability to hurl damnation at the cost of health and
   magic, with strength depending on Evocations skill.
   AC:        It affects your AC (+5).
   *Corrode:  It may corrode you when you take damage.
 r - a +2 pair of gloves of hurling (worn)
 x - a +2 pair of boots of rampaging (worn)
 D - the +6 storm dragon scales "Ypuups" (worn) {*Corrode rElec rPois rN+ Regen+}
   (You bought it in a shop in the Dungeon)

   rElec:     It insulates you from electricity.
   rPois:     It protects you from poison.
   rN:        It protects you from negative energy.
   Regen:     It increases your rate of health regeneration.
   *Corrode:  It may corrode you when you take damage.
 E - the +5 cloak of the Ditch-Digger (worn) {Str+3}
   (You bought it in a shop in the Dungeon)

   Str:       It affects your strength (+3).
 F - the +3 hat of Pondering (worn) {ponderous, Will+ MP+10 Int+5}
   (You bought it in a shop in the Dungeon)

   Int:       It affects your intelligence (+5).
   MP:        It affects your magic capacity (+10).
   Will:      It increases your willpower.
Jewellery
 w - a +6 ring of strength
 G - a +6 ring of strength (right hand)
 H - a +4 ring of evasion
 M - the amulet of the Thirsty Friars (around neck) {Faith Fly Regen+ Str+5}
   (You found it in the Dungeon)

   [amulet of faith]

   It allows you to gain divine favour quickly.
   Str:       It affects your strength (+5).
   Fly:       It grants you flight.
   Regen:     It increases your rate of health regeneration.
 N - the ring of Poegristru {Str+3 Dex+7}
   (You found it in the Dungeon)

   [ring of strength]

   Str:       It affects your strength (+3).
   Dex:       It affects your dexterity (+7).
 O - the ring "Uczihip" (left hand) {Contam rF++ rC+++ AC+3 Int-3}
   (You found it in the Dungeon)

   [ring of protection]

   AC:        It affects your AC (+3).
   Int:       It affects your intelligence (-3).
   rF:        It greatly protects you from fire.
   rC:        It renders you almost immune to cold.
   Contam:    It causes magical contamination when unequipped.
 P - the ring of Rigeh {rF+ rC+ rN+ Stlth+}
   (You found it in the Dungeon)

   [ring of protection from cold]

   rF:        It protects you from fire.
   rC:        It protects you from cold.
   rN:        It protects you from negative energy.
   Stlth:     It makes you more stealthy.
 Q - the ring "Nuidwu Xoah" {Will+ Int+3 Dex+3 SInv}
   (You found it in the Dungeon)

   [ring of intelligence]

   Int:       It affects your intelligence (+3).
   Dex:       It affects your dexterity (+3).
   SInv:      It lets you see invisible.
   Will:      It increases your willpower.
Wands
 m - a wand of quicksilver (8)
 K - a wand of flame (10)
Scrolls
 j - 3 scrolls of blinking
 l - 2 scrolls of amnesia
 q - 5 scrolls of identify
 s - 3 scrolls of fog
 t - 7 scrolls of enchant armour
 A - 4 scrolls of fear
 J - 6 scrolls of enchant weapon
Potions
 a - a potion of attraction {unknown}
 b - 7 potions of brilliance
 c - a potion of cancellation {unknown}
 d - 3 potions of might
 g - 3 potions of haste
 h - 9 potions of magic
 i - a potion of berserk rage
 k - a potion of invisibility


   Skills:
 O Level 27 Fighting
 + Level 4.5(5.2) Short Blades
 + Level 4.4(5.5) Long Blades
 + Level 4.4(18.7) Axes
 O Level 27 Maces & Flails
 + Level 4.3(6.0) Polearms
 + Level 4.3(18.7) Staves
 + Level 4.0 Ranged Weapons
 O Level 27 Throwing
 O Level 27 Armour
 O Level 27 Dodging
 O Level 27 Stealth
 + Level 5.9 Shields
 + Level 4.0 Unarmed Combat
 + Level 2.4 Spellcasting
 + Level 2.8 Conjurations
 + Level 2.3 Hexes
 + Level 3.0 Summonings
 + Level 3.1 Necromancy
 + Level 3.1 Translocations
 + Level 3.3 Transmutations
 + Level 3.0 Fire Magic
 + Level 3.0 Ice Magic
 + Level 3.0 Air Magic
 + Level 3.3 Earth Magic
 + Level 3.0 Poison Magic
 + Level 4.1 Invocations
 + Level 16.2 Evocations


You had 21 spell levels left.
You didn't know any spells.
Your spell library was empty.

Dungeon Overview and Level Annotations

Branches:
Dungeon (1/1)

Altars:
Cheibriados
Dithmenos
Elyvilon
Fedhas
Gozag
Hepliaklqana
Kikubaaqudgha
Makhleb
Nemelex Xobeh
Okawaru
Qazlal
Ru
Sif Muna
Trog
Uskayaw
Vehumet
Wu Jian
Xom
Yredelemnul
Zin
The Shining One
Jiyva
Lugonu

Shops:
D ([![[(([[[:[(

Annotations:
D Cerebov, Frances, Rupert


Innate Abilities, Weirdness & Mutations

You have a pair of horns on your head.
You reflexively headbutt those who attack you in melee.
You have sharp toenails.
You have a somewhat thin skeletal structure. (Dex +2, Stealth+)
Your muscles are strong. (Str +4, Int/Dex -1)
You expend magic power (3 MP) to strengthen your wands.


Message History

The Brimstone Fiend is heavily wounded.
Cerebov gestures at you.
A raging storm of fire appears!
The great blast of fire engulfs you!!! You partially resist.
* * * LOW HITPOINT WARNING * * *
The great blast of fire engulfs the Brimstone Fiend!!!
The Brimstone Fiend partially resists.
The great blast of fire engulfs Cerebov!
Cerebov partially resists.
The Brimstone Fiend barely misses you. You furiously retaliate!
You headbutt the Brimstone Fiend! The Brimstone Fiend barely misses you.
The Brimstone Fiend hits you but does no damage. [a] - 299 gold - heal wounds and magic [b] - 460 gold - haste and resistance [c] - 800 gold - haste, heal wounds, lignification, might and resistance Purchase which effect?
You no longer have enough gold to petition Gozag for potion effects.
You feel much better. Magic courses through your body.
You are engulfed in blazing flames.
You resist.
Cerebov shouts, "Tremble, thou fobbing full-gorged cow!"
Cerebov gestures.
The Brimstone Fiend hits you but does no damage.
The Brimstone Fiend completely misses you. x2
Unknown command.
You barely miss the Brimstone Fiend. You headbutt the Brimstone Fiend!
The Brimstone Fiend is almost dead.
You are engulfed in blazing flames.
You resist.
* * * LOW HITPOINT WARNING * * *
The Brimstone Fiend calls on the powers of darkness!
Your body is wracked with pain!
* * * LOW HITPOINT WARNING * * *
You are engulfed in blazing flames.
You resist.
The Brimstone Fiend calls on the powers of darkness!
Your body is wracked with pain!
* * * LOW HITPOINT WARNING * * *
Cerebov gestures at you.
A raging storm of fire appears!
The great blast of fire engulfs you!!! You partially resist.
You die...
Your body crumbles into a pile of gold.

.................................
▓▓▓♣♣♣♣♣♣♣♣♣♣♣♣▓▓▓▓▓▓▓▓▓▓▓▓▓▓▓▓▓▓
)iiL).).))).)..)∩).[[...)[[)..'..
▓▓▓♣♣♣♣♣♣♣♣♣♣♣♣▓▓▓▓▓▓▓▓▓▓▓▓▓▓▓▓▓▓
.................................
▓▓▓▓▓▓▓▓▓▓▓▓▓▓▓▓▓▓▓▓▓▓▓▓▓▓▓▓▓▓▓▓▓
......'..........'.........'.....
▓▓▓▓▓▓▓▓▓▓▓▓▓▓▓▓▓▓▓▓▓▓▓▓▓▓▓▓▓▓▓▓▓
&....1......1&○1@°...............
▓▓▓▓▓▓▓▓▓▓▓▓▓▓▓▓▓▓▓▓▓▓▓▓▓▓▓▓▓▓▓▓▓
....§..........MMW..MMMMBMMMBC○○$
▓▓▓▓▓▓▓▓▓▓▓▓▓▓▓▓▓▓▓▓▓▓▓▓▓▓▓▓▓▓▓▓▓


You could see Cerebov (fast) and 2 Brimstone Fiends.

Vanquished Creatures
  Antaeus (D)
  Asmodeus (D)
  the Royal Jelly (D)
  Gloorx Vloq (D)
  Lom Lobon (D)
  Dispater (D)
  2 ancient liches (D)
  3 orbs of fire (D)
  Mara (D)
  Boris (D)
  Sojobo (D)
  Frederick (D)
  Saint Roka (D)
  Geryon (D)
  A curse toe (D)
  3 golden dragons (D)
  Jory (D)
  A bone dragon (D)
  3 electric golems (D)
  20 Orb Guardians (D)
  A deep elf blademaster (D)
  2 titans (D)
  6 acid blobs (D)
  2 deep elf master archers (D)
  3 quicksilver dragons (D)
  8 sphinxes (D)
  Agnes (D)
  2 tengu reavers (D)
  6 shadow dragons (D)
  Ilsuiw (D)
  3 storm dragons (D)
  5 rockslimes (D)
  9 azure jellies (D)
  2 frost giants (D)
  3 nagarajas (D)
  An emperor scorpion (D)
  A fire giant (D)
  A draconian scorcher (D)
  2 vault wardens (D)
  2 draconian shifters (D)
  2 ghost moths (D)
  3 quicksilver oozes (D)
  A stone giant (D)
  3 very ugly things (D)
  2 war gargoyles (D)
  2 broodmothers (D)
  An eleionoma (D)
  2 vampire knights (D)
  2 black draconians (D)
  A purple draconian (D)
  A yellow draconian (D)
  2 white draconians (D)
  2 red draconians (D)
  2 deep elf annihilators (D)
  2 merfolk javelineers (D)
  A deep elf death mage (D)
  2 fire dragons (D)
  An ettin (D)
  2 deep elf high priests (D)
  4 ice dragons (D)
  An entropy weaver (D)
  25 vault guards (D)
  4 merfolk impalers (D)
  8 hydras (D)
  Harold (D)
  A merfolk avatar (D)
  A boulder beetle (D)
  Erica (D)
  A catoblepas (D)
  2 merfolk aquamancers (D)
  A dancing weapon (D)
  A satyr (D)
  Urug (D)
  2 tengu warriors (D)
  A centaur warrior (D)
  2 naga warriors (D)
  2 deep troll shamans (D)
  A deep troll earth mage (D)
  A spriggan berserker (D)
  An orc high priest (D)
  2 goliath frogs (D)
  A glowing orange brain (D)
  A sea snake (D)
  6 swamp dragons (D)
  A flayed ghost (D)
  A lindwurm (D)
  A wizard (D)
  7 orc knights (D)
  A phantasmal warrior (D)
  An ironbound convoker (D)
  A mana viper (D)
  2 manticores (D)
  4 wolf spiders (D)
  2 ugly things (D)
  10 moths of wrath (D)
  A water nymph (shapeshifter) (D)
  2 guardian serpents (D)
  3 demonic crawlers (D)
  2 torpor snails (D)
  6 naga magi (D)
  An elephant (D)
  A gargoyle (D)
  4 cane toads (D)
  A kobold demonologist (D)
  A rime drake (shapeshifter) (D)
  A freezing wraith (D)
  A rime drake (D)
  An efreet (D)
  2 komodo dragons (D)
  A yaktaur (D)
  An ancient zyme (D)
  6 guardian mummies (D)
  6 tyrant leeches (D)
  3 merfolk (D)
  A snapping turtle (D)
  A slime creature (D)
  A vampire (D)
  3 spriggans (D)
  2 redbacks (D)
  5 yaks (D)
  A basilisk (D)
  2 golden eyes (D)
  2 nagas (D)
  3 water moccasins (D)
  A floating eye (shapeshifter) (D)
  6 orc warriors (D)
  2 swamp drakes (D)
  A kobold brigand (D)
  2 bullfrogs (D)
  A wight (D)
  A killer bee (D)
  A howler monkey (D)
  A jelly (D)
  3 orc priests (D)
  2 orc wizards (D)
  A gnoll (D)
  2 adders (D)
  2 worms (D)
  13 orcs (D)
  An endoplasm (D)
  A goblin (D)
  A hobgoblin (D)
  2 frilled lizards (D)
  3 ball lightnings (D)
356 creatures vanquished.

Vanquished Creatures (collateral kills)
  2 ancient liches (D)
  A golden dragon (D)
  A tentacled monstrosity (D)
  A lich (D)
  2 Orb Guardians (D)
  A deep elf master archer (D)
  2 acid blobs (D)
  2 deep elf blademasters (D)
  A shadow dragon (D)
  2 sphinxes (D)
  2 rockslimes (D)
  An emperor scorpion (D)
  A draconian shifter (D)
  A vault warden (D)
  Louise (D)
  A draconian annihilator (D)
  A draconian stormcaller (D)
  2 dire elephants (D)
  2 deep elf annihilators (D)
  An ettin (D)
  A great orb of eyes (D)
  A centaur warrior (D)
  2 merfolk aquamancers (D)
  A bog body (D)
  2 wizards (D)
  An orc knight (D)
  A will-o-the-wisp (D)
  4 moths of wrath (D)
  2 guardian mummies (D)
  4 spriggans (D)
  A large abomination (D)
  A floating eye (D)
  2 orc warriors (D)
  A wight (D)
  A white imp (D)
53 creatures vanquished.

Vanquished Creatures (others)
  5 royal mummies (D)
  5 Orb Guardians (D)
  A lich (D)
  A deep elf blademaster (D)
  A tentacled starspawn (D)
  2 shadow dragons (D)
  2 storm dragons (D)
  A fire giant (D)
  A vault warden (D)
  A draconian scorcher (D)
  A draconian stormcaller (D)
  A draconian annihilator (D)
  An ironbound preserver (D)
  4 stone giants (D)
  A green draconian (D)
  A black draconian (D)
  4 vampire knights (D)
  2 eleionomae (D)
  2 deep elf annihilators (D)
  2 red draconians (D)
  A white draconian (D)
  A starcursed mass (D)
  A purple draconian (D)
  A deep elf death mage (D)
  5 mummy priests (D)
  An entropy weaver (D)
  A rakshasa (D)
  An ice dragon (D)
  A merfolk avatar (D)
  An anaconda (D)
  An ironbound frostheart (D)
  A naga warrior (D)
  4 orc high priests (D)
  2 deep troll earth magi (D)
  A death knight (D)
  A flayed ghost (D)
  A wizard (D)
  4 orc knights (D)
  2 ironbound convokers (D)
  A necromancer (D)
  A mana viper (D)
  A will-o-the-wisp (D)
  A moth of wrath (D)
  A naga mage (D)
  A vault sentinel (D)
  9 guardian mummies (D)
  A wandering mushroom (D)
  A merfolk (D)
  4 spriggans (D)
  A vampire mosquito (D)
  A naga (D)
  2 orc wizards (D)
  A bat skeleton (D)
  19 ball lightnings (D)
  2 foxfires (D)
  A starspawn tentacle (D)
118 creatures vanquished.

Grand Total: 527 creatures vanquished

Notes
Turn   | Place    | Note
-------+----------+-------------------------------------------
     0 | D        | 123456 the Minotaur Fighter began the quest for the Orb.
     0 | D        | Reached XP level 1. HP: 19/19 MP: 0/0
     9 | D        | Reached skill level 1 in Dodging
    21 | D        | Noticed a howler monkey
    26 | D        | Reached skill level 5 in Fighting
    26 | D        | Reached XP level 2. HP: 25/29 MP: 1/1
    32 | D        | Killed a howler monkey
    33 | D        | Reached skill level 5 in Maces & Flails
    33 | D        | Reached skill level 5 in Armour
    33 | D        | Reached XP level 3. HP: 31/37 MP: 2/2
    39 | D        | Reached XP level 4. HP: 27/45 MP: 3/3
   128 | D        | Found a snail-covered altar of Cheibriados.
   128 | D        | Found a shadowy altar of Dithmenos.
   128 | D        | Found a white marble altar of Elyvilon.
   128 | D        | Found a blossoming altar of Fedhas.
   128 | D        | Found an opulent altar of Gozag.
   129 | D        | Found a hazy altar of Hepliaklqana.
   130 | D        | Found a viscous altar of Jiyva.
   131 | D        | Found an ancient bone altar of Kikubaaqudgha.
   132 | D        | Found a corrupted altar of Lugonu.
   133 | D        | Found a burning altar of Makhleb.
   134 | D        | Found a sparkling altar of Nemelex Xobeh.
   135 | D        | Found an iron altar of Okawaru.
   136 | D        | Became a worshipper of Gozag Ym Sagoz the Greedy
   141 | D        | Found a stormy altar of Qazlal.
   142 | D        | Found a sacrificial altar of Ru.
   143 | D        | Found a shimmering blue altar of Sif Muna.
   144 | D        | Found a bloodstained altar of Trog.
   145 | D        | Found a hide-covered altar of Uskayaw.
   146 | D        | Found a radiant altar of Vehumet.
   147 | D        | Found an ornate altar of the Wu Jian Council.
   148 | D        | Found a shimmering altar of Xom.
   149 | D        | Found a basalt altar of Yredelemnul.
   150 | D        | Found a glowing silver altar of Zin.
   151 | D        | Found a glowing golden altar of the Shining One.
   206 | D        | Noticed a kobold brigand
   206 | D        | Noticed a yak
   206 | D        | Noticed a yak
   206 | D        | Noticed a yak
   221 | D        | Killed a kobold brigand
   222 | D        | Reached XP level 5. HP: 52/53 MP: 4/4
   229 | D        | Killed a yak
   230 | D        | Reached skill level 5 in Dodging
   230 | D        | Reached XP level 6. HP: 66/66 MP: 5/5
   236 | D        | Killed a yak
   237 | D        | Reached skill level 10 in Fighting
   237 | D        | Reached skill level 10 in Maces & Flails
   244 | D        | Killed a yak
   245 | D        | Reached XP level 7. HP: 74/74 MP: 6/6
   293 | D        | Noticed an efreet
   293 | D        | Noticed a kobold demonologist
   293 | D        | Noticed a centaur warrior
   293 | D        | Noticed a catoblepas
   293 | D        | Noticed a gargoyle
   293 | D        | Noticed a vampire
   301 | D        | Killed an efreet
   315 | D        | Noticed a red devil
   315 | D        | Killed a kobold demonologist
   316 | D        | Reached XP level 8. HP: 59/86 MP: 7/7
   319 | D        | Killed a centaur warrior
   320 | D        | Reached skill level 10 in Armour
   332 | D        | Killed a catoblepas
   333 | D        | Reached XP level 9. HP: 33/96 MP: 8/8
   346 | D        | Killed a gargoyle
   347 | D        | Reached skill level 15 in Fighting
   347 | D        | Reached skill level 15 in Maces & Flails
   686 | D        | Noticed a cane toad
   686 | D        | Noticed a rime drake
   690 | D        | Noticed an elephant
   692 | D        | Killed a cane toad
   693 | D        | Reached skill level 10 in Dodging
   696 | D        | Noticed a torpor snail
   710 | D        | Killed a rime drake
   714 | D        | Killed an elephant
   715 | D        | Reached XP level 10. HP: 88/108 MP: 9/9
   729 | D        | Killed a torpor snail
   787 | D        | Noticed a seven-headed hydra
   787 | D        | Noticed a cane toad
   787 | D        | Noticed a cane toad
   787 | D        | Noticed a cane toad
   793 | D        | Killed a seven-headed hydra
   798 | D        | Killed a cane toad
   809 | D        | Killed a cane toad
   812 | D        | Killed a cane toad
  1011 | D        | Reached XP level 11. HP: 33/121 MP: 10/10
  1293 | D        | Acquired a +2 pair of gloves of hurling
  1341 | D        | Noticed Urug
  1353 | D        | Killed Urug
  1470 | D        | Noticed Erica
  1476 | D        | Killed Erica
  1607 | D        | Noticed an orc sorcerer
  1615 | D        | Noticed an orc knight
  1662 | D        | Bought a bloodstained mace for 216 gold pieces
  1662 | D        | Identified the +9 mace of Kucunu {freeze, Fly rC+++ rCorr
                  | Int-3} (You bought it in a shop in the Dungeon)
  1662 | D        | Bought an encrusted mace for 216 gold pieces
  1662 | D        | Identified the +3 mace of the Aged Spines {flame, Int+4}
                  | (You bought it in a shop in the Dungeon)
  1673 | D        | Found Peocuonu's Armour Emporium.
  1673 | D        | Noticed an orc high priest
  1673 | D        | Noticed an orc high priest
  1673 | D        | Noticed an orc knight
  1673 | D        | Noticed an orc high priest
  1673 | D        | Noticed an orc high priest
  1679 | D        | Noticed an orc knight
  1680 | D        | Killed an orc knight
  1682 | D        | Killed an orc high priest
  1685 | D        | Found Nuemit's Armour Shoppe.
  1685 | D        | Noticed an orc knight
  1686 | D        | Noticed an orc knight
  1687 | D        | Found Kuoczigg's Armour Emporium.
  1687 | D        | Noticed an orc knight
  1689 | D        | Found Miyxol's Book Shoppe.
  1691 | D        | Noticed an orc high priest
  1695 | D        | Killed an orc knight
  1696 | D        | Noticed an orc knight
  1696 | D        | Killed an orc high priest
  1700 | D        | Noticed an orc knight
  1703 | D        | Killed an orc knight
  1704 | D        | Noticed an orc knight
  1708 | D        | Killed an orc knight
  1715 | D        | Killed an orc high priest
  1719 | D        | Killed an orc high priest
  1727 | D        | Killed an orc knight
  1731 | D        | Killed an orc high priest
  1732 | D        | Killed an orc knight
  1747 | D        | Killed an orc knight
  1769 | D        | Killed an orc knight
  1920 | D        | Bought a glowing morningstar for 189 gold pieces
  1936 | D        | Bought a +0 cloak of willpower for 115 gold pieces
  1936 | D        | Bought a +2 pair of boots of rampaging for 215 gold pieces
  1960 | D        | Bought the +6 plate armour of the Equinox {Harm rN++ Str+3
                  | Int-2} for 1016 gold pieces
  2124 | D        | Noticed an orc knight
  2124 | D        | Noticed a four-headed hydra
  2124 | D        | Noticed a purple ugly thing
  2133 | D        | Noticed a boulder beetle
  2138 | D        | Noticed an ice dragon
  2138 | D        | Killed a four-headed hydra
  2139 | D        | Reached skill level 15 in Armour
  2139 | D        | Noticed a stone giant
  2146 | D        | Killed a stone giant
  2148 | D        | Killed a purple ugly thing
  2149 | D        | Killed a deep troll earth mage
  2153 | D        | Killed an ice dragon
  2154 | D        | Noticed a rakshasa
  2162 | D        | Noticed an ice dragon
  2164 | D        | Killed a rakshasa
  2164 | D        | Noticed a frost giant
  2166 | D        | Killed a stone giant
  2170 | D        | Killed a boulder beetle
  2177 | D        | Killed an ice dragon
  2178 | D        | Reached XP level 12. HP: 126/136 MP: 11/11
  2347 | D        | Noticed Frances
  2359 | D        | Noticed Agnes
  2371 | D        | Killed Agnes
  2462 | D        | Noticed Rupert
  2494 | D        | Noticed a satyr
  2494 | D        | Noticed a merfolk avatar
  2495 | D        | Noticed a merfolk avatar
  2503 | D        | Killed a satyr
  2507 | D        | Killed a merfolk avatar
  2674 | D        | Bought a transparent eveningstar for 440 gold pieces
  2674 | D        | Identified the +2 eveningstar of Fualyotu {drain, rPois rF+
                  | rN+} (You bought it in a shop in the Dungeon)
  2686 | D        | Noticed an entropy weaver
  2686 | D        | Noticed a jorogumo
  2686 | D        | Noticed an entropy weaver
  2686 | D        | Noticed a broodmother
  2686 | D        | Noticed a broodmother
  2690 | D        | Noticed an entropy weaver
  2693 | D        | Killed an entropy weaver
  2693 | D        | Killed an entropy weaver
  2696 | D        | Killed a broodmother
  2707 | D        | Killed a broodmother
  2857 | D        | Noticed an anaconda
  2865 | D        | Killed an anaconda
  2899 | D        | Noticed a five-headed hydra
  2899 | D        | Noticed an eleionoma
  2899 | D        | Noticed a five-headed hydra
  2901 | D        | Killed a five-headed hydra
  2902 | D        | Reached skill level 15 in Dodging
  2902 | D        | Noticed an eleionoma
  2905 | D        | Killed an eleionoma
  2910 | D        | Killed a five-headed hydra
  2995 | D        | Noticed Saint Roka
  2999 | D        | Noticed Harold
  3010 | D        | Killed Saint Roka
  3011 | D        | Reached XP level 13. HP: 125/148 MP: 12/12
  3015 | D        | Killed Harold
  3927 | D        | Noticed an ettin
  3927 | D        | Noticed a stone giant
  3927 | D        | Noticed a fire dragon
  3927 | D        | Noticed a stone giant
  3928 | D        | Killed an ettin
  3930 | D        | Noticed an ettin
  3931 | D        | Noticed a vampire knight
  3932 | D        | Killed a vampire knight
  3934 | D        | Killed a fire dragon
  3937 | D        | Noticed a stone giant
  3939 | D        | Noticed a white very ugly thing
  3939 | D        | Killed a stone giant
  3941 | D        | Noticed a white very ugly thing
  3942 | D        | Noticed a fire giant
  3953 | D        | Killed a white very ugly thing
  3954 | D        | Killed a purple very ugly thing
  4153 | D        | Bought the +6 storm dragon scales "Ypuups" {*Corrode rElec
                  | rPois rN+ Regen+} for 1704 gold pieces
  4183 | D        | Noticed an ironbound preserver
  4185 | D        | Noticed a dire elephant
  4186 | D        | Noticed a vault warden
  4187 | D        | Noticed a dire elephant
  4189 | D        | Killed a dire elephant
  4190 | D        | Killed a dire elephant
  4193 | D        | Noticed a vault warden
  4201 | D        | Noticed a red very ugly thing
  4211 | D        | Killed a red very ugly thing
  4263 | D        | Bought a heavily runed cloak for 294 gold pieces
  4263 | D        | Identified the +5 cloak of the Ditch-Digger {Str+3} (You
                  | bought it in a shop in the Dungeon)
  4263 | D        | Bought the +3 hat of Pondering {ponderous, Will+ MP+10
                  | Int+5} for 1181 gold pieces
  4263 | D        | Found the +3 hat of Pondering {ponderous, Will+ MP+10
                  | Int+5}
  4396 | D        | Noticed Louise
  4439 | D        | Found the +16 obsidian axe {drain, demonic, Mesm Drain Fly
                  | SInv}
  4497 | D        | Gained mutation: You are partially covered in large bone
                  | plates. (SH +4) [potion of mutation]
  4497 | D        | Gained mutation: Your spells are a little harder to cast,
                  | but a little more powerful. [potion of mutation]
  4498 | D        | Lost mutation: Your spells are a little harder to cast, but
                  | a little more powerful. [potion of mutation]
  4498 | D        | Lost mutation: You are partially covered in large bone
                  | plates. (SH +4) [potion of mutation]
  4498 | D        | Gained mutation: You expend magic power (3 MP) to
                  | strengthen your wands. [potion of mutation]
  4498 | D        | Gained mutation: Your muscles are strong. (Str +4, Int/Dex
                  | -1) [potion of mutation]
  4498 | D        | Gained mutation: You have a somewhat thin skeletal
                  | structure. (Dex +2, Stealth+) [potion of mutation]
  4498 | D        | Gained mutation: You have sharp toenails. [potion of
                  | mutation]
  4540 | D        | Noticed a tengu reaver
  4541 | D        | Noticed Sojobo
  4541 | D        | Noticed a tengu reaver
  4554 | D        | Killed Louise
  4557 | D        | Killed a tengu reaver
  4560 | D        | Killed a vault warden
  4570 | D        | Killed Sojobo
  4573 | D        | Killed a tengu reaver
  4738 | D        | Noticed Jory
  4749 | D        | Killed Jory
  4794 | D        | Noticed an emperor scorpion
  4801 | D        | Killed an emperor scorpion
  4819 | D        | Killed a ghost moth
  4820 | D        | Noticed an emperor scorpion
  4826 | D        | Killed a ghost moth
  4830 | D        | Reached XP level 14. HP: 165/165 MP: 1/13
  4839 | D        | Killed an emperor scorpion
  4847 | D        | Got a gossamer rune of Zot
  4977 | D        | Noticed Ilsuiw
  5011 | D        | Killed Ilsuiw
  5012 | D        | Reached skill level 27 in Fighting
  5012 | D        | Reached skill level 27 in Maces & Flails
  5046 | D        | Got a barnacled rune of Zot
  5148 | D        | Got a decaying rune of Zot
  5174 | D        | Noticed a nagaraja
  5176 | D        | Noticed a nagaraja
  5180 | D        | Killed a nagaraja
  5181 | D        | Noticed a nagaraja
  5190 | D        | Killed a nagaraja
  5204 | D        | Killed a nagaraja
  5227 | D        | Got a serpentine rune of Zot
  5415 | D        | Reached XP level 15. HP: 172/174 MP: 14/14
  5551 | D        | Noticed a titan
  5561 | D        | Noticed a frost giant
  5565 | D        | Noticed a vault warden
  5571 | D        | Killed a titan
  5573 | D        | Noticed a shadow dragon
  5575 | D        | Noticed a shadow dragon
  5576 | D        | Killed a frost giant
  5577 | D        | Reached skill level 27 in Armour
  5580 | D        | Killed a vault warden
  5582 | D        | Noticed a fire giant
  5595 | D        | Killed a shadow dragon
  5606 | D        | Killed a shadow dragon
  5613 | D        | Killed a fire giant
  5617 | D        | Reached skill level 27 in Dodging
  5617 | D        | Reached skill level 1 in Throwing
  5617 | D        | Reached skill level 1 in Stealth
  5704 | D        | Noticed a vault warden
  5704 | D        | Noticed a shadow dragon
  5704 | D        | Noticed a quicksilver dragon
  5704 | D        | Noticed a shadow dragon
  5711 | D        | Killed a vault warden
  5716 | D        | Killed a shadow dragon
  5721 | D        | Reached skill level 5 in Throwing
  5721 | D        | Noticed a shadow dragon
  5723 | D        | Noticed a titan
  5728 | D        | Killed a shadow dragon
  5731 | D        | Killed a quicksilver dragon
  5732 | D        | Reached skill level 5 in Stealth
  5737 | D        | Killed a shadow dragon
  5738 | D        | Identified the +7 hand axe of the Silent Majority {heavy,
                  | Str+3 Dex-4}
  5743 | D        | Killed a titan
  5754 | D        | Got a silver rune of Zot
  5778 | D        | Identified the staff of conjuration "Sunur" {rCorr}
  5865 | D        | Got the amulet of the Thirsty Friars {Faith Fly Regen+
                  | Str+5}
  5867 | D        | Got the ring of Poegristru {Str+3 Dex+7}
  5869 | D        | Got the ring "Uczihip" {Contam rF++ rC+++ AC+3 Int-3}
  5871 | D        | Got the ring of Rigeh {rF+ rC+ rN+ Stlth+}
  5873 | D        | Got the ring "Nuidwu Xoah" {Will+ Int+3 Dex+3 SInv}
  5974 | D        | Noticed Frederick
  5984 | D        | Killed Frederick
  6012 | D        | Noticed Mara
  6020 | D        | Killed Mara
  6028 | D        | Noticed Boris
  6039 | D        | Killed Boris
  6040 | D        | Reached XP level 16. HP: 173/183 MP: 15/15
  6067 | D        | Reached skill level 10 in Stealth
  6077 | D        | Noticed a golden dragon
  6088 | D        | Killed a golden dragon
  6116 | D        | Noticed a bone dragon
  6116 | D        | Noticed a golden dragon
  6116 | D        | Noticed a storm dragon
  6125 | D        | Killed a bone dragon
  6132 | D        | Killed a golden dragon
  6133 | D        | Reached skill level 15 in Throwing
  6137 | D        | Killed a storm dragon
  6205 | D        | Noticed an electric golem
  6216 | D        | Reached skill level 15 in Stealth
  6221 | D        | Killed an electric golem
  6247 | D        | Noticed a storm dragon
  6247 | D        | Noticed an electric golem
  6250 | D        | Killed a storm dragon
  6251 | D        | Noticed a storm dragon
  6259 | D        | Killed an electric golem
  6259 | D        | Killed a storm dragon
  6295 | D        | Noticed a shadow dragon
  6295 | D        | Noticed a tentacled monstrosity
  6296 | D        | Noticed a golden dragon
  6297 | D        | Noticed a quicksilver dragon
  6299 | D        | Killed a shadow dragon
  6301 | D        | Killed a golden dragon
  6301 | D        | Killed a tentacled monstrosity
  6303 | D        | Killed a quicksilver dragon
  6339 | D        | Noticed a curse toe
  6343 | D        | Noticed a shadow dragon
  6345 | D        | Killed a curse toe
  6347 | D        | Killed a shadow dragon
  6467 | D        | Noticed an Orb Guardian
  6467 | D        | Noticed an Orb Guardian
  6467 | D        | Noticed an Orb Guardian
  6467 | D        | Noticed an Orb Guardian
  6467 | D        | Noticed an Orb Guardian
  6467 | D        | Noticed an Orb Guardian
  6468 | D        | Noticed an Orb Guardian
  6468 | D        | Noticed an Orb Guardian
  6469 | D        | Noticed an Orb Guardian
  6470 | D        | Noticed an Orb Guardian
  6477 | D        | Killed an Orb Guardian
  6477 | D        | Killed an Orb Guardian
  6482 | D        | Killed an Orb Guardian
  6483 | D        | Killed an Orb Guardian
  6485 | D        | Killed an Orb Guardian
  6501 | D        | Noticed a storm dragon
  6501 | D        | Noticed an Orb Guardian
  6501 | D        | Noticed an Orb Guardian
  6501 | D        | Noticed a quicksilver dragon
  6502 | D        | Noticed an Orb Guardian
  6503 | D        | Noticed an Orb Guardian
  6504 | D        | Killed a storm dragon
  6512 | D        | Killed an Orb Guardian
  6514 | D        | Killed an Orb Guardian
  6526 | D        | Killed a quicksilver dragon
  6528 | D        | Killed an Orb Guardian
  6533 | D        | Killed an Orb Guardian
  6555 | D        | Noticed an ancient lich
  6558 | D        | Noticed an orb of fire
  6561 | D        | Noticed an electric golem
  6566 | D        | Reached XP level 17. HP: 190/191 MP: 16/16
  6566 | D        | Killed an electric golem
  6580 | D        | Noticed a golden dragon
  6580 | D        | Noticed an orb of fire
  6580 | D        | Noticed an ancient lich
  6584 | D        | Killed a golden dragon
  6585 | D        | Noticed an orb of fire
  6589 | D        | Noticed an Orb Guardian
  6591 | D        | Noticed an ancient lich
  6598 | D        | Killed an ancient lich
  6605 | D        | Killed an orb of fire
  6613 | D        | Killed an orb of fire
  6616 | D        | Killed an ancient lich
  6669 | D        | Killed an ancient lich
  6761 | D        | Killed an orb of fire
  6908 | D        | Noticed an Orb Guardian
  6908 | D        | Noticed an Orb Guardian
  6908 | D        | Noticed an Orb Guardian
  6908 | D        | Noticed an Orb Guardian
  6908 | D        | Noticed an Orb Guardian
  6908 | D        | Noticed an Orb Guardian
  6913 | D        | Killed an Orb Guardian
  6920 | D        | Killed an Orb Guardian
  6922 | D        | Killed an Orb Guardian
  6923 | D        | Noticed an Orb Guardian
  6924 | D        | Noticed an Orb Guardian
  6925 | D        | Killed an Orb Guardian
  6929 | D        | Noticed an Orb Guardian
  6930 | D        | Killed an Orb Guardian
  6932 | D        | Killed an Orb Guardian
  6936 | D        | Killed an Orb Guardian
  6943 | D        | Killed an Orb Guardian
  6945 | D        | Killed an Orb Guardian
  6947 | D        | Noticed an Orb Guardian
  6958 | D        | Noticed an Orb Guardian
  6959 | D        | Noticed an Orb Guardian
  6963 | D        | Killed an Orb Guardian
  6976 | D        | Killed an Orb Guardian
  6979 | D        | Killed an Orb Guardian
  7084 | D        | Noticed a lich
  7084 | D        | Noticed an ancient lich
  7088 | D        | Noticed an ancient lich
  7089 | D        | Noticed a lich
  7279 | D        | Noticed a deep elf blademaster
  7279 | D        | Noticed a deep elf blademaster
  7279 | D        | Noticed a deep elf master archer
  7280 | D        | Noticed a deep elf blademaster
  7283 | D        | Noticed a deep elf blademaster
  7283 | D        | Killed a deep elf master archer
  7284 | D        | Noticed a deep elf master archer
  7285 | D        | Noticed a deep elf master archer
  7287 | D        | Got an elven rune of Zot
  7289 | D        | Killed a deep elf blademaster
  7293 | D        | Killed a deep elf blademaster
  7298 | D        | Killed a deep elf master archer
  7300 | D        | Killed a deep elf master archer
  7368 | D        | Noticed an acid blob
  7370 | D        | Noticed an acid blob
  7371 | D        | Killed an acid blob
  7372 | D        | Noticed the Royal Jelly
  7374 | D        | Killed an acid blob
  7379 | D        | Reached skill level 27 in Stealth
  7388 | D        | Paralysed by a floating eye for 4 turns
  7401 | D        | Paralysed by a floating eye for 2 turns
  7406 | D        | Noticed an acid blob
  7406 | D        | Paralysed by a floating eye for 2 turns
  7411 | D        | Noticed an acid blob
  7413 | D        | Noticed an acid blob
  7417 | D        | Killed an acid blob
  7419 | D        | Killed an acid blob
  7422 | D        | Killed an acid blob
  7424 | D        | Noticed an acid blob
  7426 | D        | Noticed an acid blob
  7428 | D        | Killed an acid blob
  7435 | D        | Killed an acid blob
  7437 | D        | Killed the Royal Jelly
  7437 | D        | Noticed an acid blob
  7438 | D        | Reached skill level 27 in Throwing
  7438 | D        | Reached XP level 18. HP: 109/200 MP: 17/17
  7456 | D        | Got a slimy rune of Zot
  7801 | D        | Reached skill level 1 in Short Blades
  7801 | D        | Reached skill level 1 in Long Blades
  7801 | D        | Reached skill level 1 in Axes
  7801 | D        | Reached skill level 1 in Polearms
  7801 | D        | Reached skill level 1 in Staves
  7801 | D        | Reached skill level 1 in Ranged Weapons
  7801 | D        | Reached skill level 1 in Unarmed Combat
  7801 | D        | Reached skill level 1 in Invocations
  7801 | D        | Reached skill level 1 in Evocations
  7804 | D        | Reached skill level 1 in Summonings
  7804 | D        | Reached skill level 1 in Necromancy
  7804 | D        | Reached skill level 1 in Translocations
  7804 | D        | Reached skill level 1 in Transmutations
  7804 | D        | Reached skill level 1 in Fire Magic
  7804 | D        | Reached skill level 1 in Ice Magic
  7804 | D        | Reached skill level 1 in Air Magic
  7804 | D        | Reached skill level 1 in Earth Magic
  7804 | D        | Reached skill level 1 in Poison Magic
  7805 | D        | Reached skill level 1 in Conjurations
  7808 | D        | Reached skill level 1 in Spellcasting
  7808 | D        | Reached skill level 1 in Hexes
  7826 | D        | Your ally spriggan baker died
  7967 | D        | Reached skill level 5 in Shields
  8077 | D        | Noticed a royal mummy
  8077 | D        | Noticed a royal mummy
  8078 | D        | Noticed a royal mummy
  8079 | D        | Noticed a royal mummy
  8080 | D        | Noticed a royal mummy
  8088 | D        | Got a golden rune of Zot
  8213 | D        | Got an abyssal rune of Zot
  8340 | D        | Noticed Geryon
  8355 | D        | Killed Geryon
  8660 | D        | Noticed Antaeus
  8660 | D        | Noticed Lom Lobon
  8660 | D        | Noticed Gloorx Vloq
  8685 | D        | Killed a royal mummy
  8861 | D        | Killed Antaeus
  9040 | D        | Found the +13 sceptre of Asmodeus
  9040 | D        | Noticed Asmodeus
  9571 | D        | Killed Lom Lobon
  9737 | D        | Killed Asmodeus
  9878 | D        | Killed Gloorx Vloq
  9996 | D        | Noticed Dispater
  9997 | D        | Found the +6 sword of Cerebov {flame}
  9997 | D        | Noticed Cerebov
  9998 | D        | Noticed a Hell Sentinel
 10109 | D        | Noticed a Hell Sentinel
 10121 | D        | Noticed a Hell Sentinel
 10148 | D        | Noticed a Hell Sentinel
 10170 | D        | Noticed a Hell Sentinel
 10320 | D        | Noticed a Hell Sentinel
 10321 | D        | Killed Dispater
 10449 | D        | Noticed a Brimstone Fiend
 10460 | D        | Noticed a Brimstone Fiend
 10469 | D        | Killed from afar by Cerebov

Illustrated notes

Levels and vault maps discovered:
D:        linesprint [early_d, line_temple, items_1, d_10, items_2, lair_1,
          lair_end, items_3, orc_1, orc_end, items_4, d_15, swamp_1, shoals_1,
          snake_1, spider_1, d_20, vaults_1, items_5, swamp_end, shoals_end,
          snake_end, spider_end, vaults_end, d_27, items_6, zot_1, zot_end,
          crypt_end, forest_end, elf_end, slime_end, tomb_end, abyss_end,
          pan_hell_end]

Skill      XL: |  1  2  3  4  5  6  7  8  9 10 11 12 13 14 15 16 17 18 |
---------------+-------------------------------------------------------+-----
Fighting       | 5 6 7 9 11 13 14 16 18 21 23 26 27 | 27.0
Maces & Flails | 4 5 6 7 9 11 12 14 16 18 20 23 26 27 | 27.0
Dodging        | 1 2 3 4 5 6 7 9 10 12 13 15 17 22 27 | 27.0
Armour         | 4 5 6 7 8 9 11 12 13 15 17 19 24 27 | 27.0
Throwing       | 11 20 27 | 27.0
Stealth        | 9 20 27 | 27.0
Short Blades   | 4 |  4.5
Long Blades    | 4 |  4.4
Axes           | 4 |  4.4
Polearms       | 4 |  4.3
Staves         | 4 |  4.3
Ranged Weapons | 4 |  4.0
Unarmed Combat | 4 |  4.0
Invocations    | 4 |  4.1
Evocations     | 16 | 16.2
Shields        | 5 |  5.9
Summonings     | 3 |  3.0
Necromancy     | 3 |  3.1
Translocations | 3 |  3.1
Transmutations | 3 |  3.3
Fire Magic     | 3 |  3.0
Ice Magic      | 3 |  3.0
Air Magic      | 3 |  3.0
Earth Magic    | 3 |  3.3
Poison Magic   | 3 |  3.0
Conjurations   | 2 |  2.8
Spellcasting   | 2 |  2.4
Hexes          | 2 |  2.3

Action                     |  1- 3 |  4- 6 |  7- 9 | 10-12 | 13-15 | 16-18 || total
---------------------------+-------+-------+-------+-------+-------+-------++-------
  Melee: Flail             |    28 |       |       |       |       |       ||    28
         Headbutt          |     2 |     8 |    18 |    71 |   118 |   171 ||   388
         Dire flail        |       |    36 |    81 |   275 |       |       ||   392
         Eveningstar       |       |       |       |    50 |   500 |   584 ||  1134
         Punch             |       |       |       |     4 |     4 |    18 ||    26
  Throw: Javelin           |       |       |       |       |       |     9 ||     9
 Invoke: Call Merchant     |       |       |       |     3 |     5 |     1 ||     9
         Bribe Branch      |       |       |       |     1 |       |     8 ||     9
         Potion Petition   |       |       |       |       |       |     6 ||     6
  Evoke: Wand              |       |       |       |       |       |     8 ||     8
    Use: Scroll            |       |       |     6 |     3 |       |     3 ||    12
         Potion            |       |       |       |     1 |     3 |    31 ||    35
   Stab: Distracted        |       |     1 |       |     7 |     8 |    22 ||    38
         Petrified         |       |       |     1 |       |       |       ||     1
         Sleeping          |       |       |       |       |       |    11 ||    11
         Betrayed ally     |       |       |       |       |       |     1 ||     1
 Armour: Scale mail        |    10 |    14 |    41 |    39 |       |       ||   104
         Plate armour      |       |       |       |    61 |     6 |       ||    67
         Storm dragon scal |       |       |       |       |   155 |   294 ||   449
  Dodge: Dodged            |     9 |    12 |    27 |    90 |   243 |   327 ||   708
  Block: Buckler           |     4 |       |       |       |       |       ||     4

Table legend: (Time is in decaauts) A = Elapsed time spent in this place. B = Non-inter-level travel time spent in this place. C = Inter-level travel time spent in this place. D = Time resting spent in this place. E = Time spent auto-exploring this place. F = Levels seen in this place. G = Mean time per level. A B C D E F G +--------+--------+--------+--------+--------+-----+--------+ Total | 10151 | 9661 | 490 | 3153 | 2637 | 1 | 10151.0 | Dungeon | 10151 | 9661 | 490 | 3153 | 2637 | 1 | 10151.0 | +--------+--------+--------+--------+--------+-----+--------+

Top non-repeatable levels by time:
       D: 10151 daAuts
